 Dungeon Crawl Stone Soup version 0.28-a0-233-gb8ca4b6547 (webtiles) character file.

Game seed: 2799114146453228117

5489 Anothat the Tainter (level 10, -2/88 HPs)
             Began as a Black Draconian Venom Mage on Aug 22, 2021.
             Was a Believer of Vehumet.
             Killed from afar by Erica (22 damage)
             ... with a lance of force
             ... while paralysed by a floating eye
             ... on level 8 of the Dungeon.
             The game lasted 00:42:15 (11810 turns).

Anothat the Tainter (Black Draconian Venom Mage)   Turns: 11810, Time: 00:42:15

Health: -2/88      AC: 10    Str: 12    XL:     10   Next: 42%
Magic:  15/18      EV:  2    Int: 18    God:    Vehumet [**....]
Gold:   1411       SH:  0    Dex: 11    Spells: 6/20 levels left

rFire   . . .      SeeInvis .   o - +2 dagger (protect)
rCold   . . .      Faith    .   (no shield)
rNeg    . . .      Spirit   .   (armour unavailable)
rPois   .          Reflect  .   p - +1 hat
rElec   +          Harm     .   q - +1 cloak
rCorr   .          Rampage  .   (no gloves)
Will    +....                   (no boots)
Stlth   ++........              d - amulet of the acrobat
HPRegen 0.24/turn               e - +4 ring of evasion
MPRegen 0.16/turn               r - ring of willpower

@: paralysed
A: breathe lightning, AC +7, unfitting armour, electricity resistance,
cold-blooded
a: Breathe Lightning, Renounce Religion


You were on level 8 of the Dungeon.
You worshipped Vehumet.
Vehumet was pleased with you.
You visited 2 branches of the dungeon, and saw 9 of its levels.
You also visited: Ossuary.

You collected 1411 gold pieces.

Inventory:

Hand Weapons
 c - a +0 short sword
 h - a +0 whip of venom
 m - a +2 short sword of venom
 o - a +2 dagger of protection (weapon)
Missiles
 a - 42 bolts
 b - 31 poisoned darts
 n - 77 stones
 z - a throwing net
Armour
 i - a +0 kite shield
 p - a +1 hat (worn)
 q - a +1 cloak (worn)
Jewellery
 d - an amulet of the acrobat (around neck)
 e - a +4 ring of evasion (left hand)
 g - a ring of protection from fire
 r - a ring of willpower (right hand)
 w - a +6 ring of dexterity
Scrolls
 v - a scroll of fear {unknown}
 x - 4 scrolls of identify
 y - a scroll of enchant armour
 C - a scroll of magic mapping {unknown}
Potions
 f - 4 potions of curing {unknown}
 j - a potion of flight {unknown}
 k - a potion of mutation
 l - 2 potions of berserk rage {unknown}
 s - a potion of degeneration {unknown}
 t - 2 potions of resistance
 u - a potion of magic {unknown}
 A - 2 potions of attraction {unknown}
 B - a potion of brilliance {unknown}


   Skills:
 - Level 8.2 Fighting
 - Level 2.2 Dodging
 - Level 2.3 Stealth
 + Level 5.6 Spellcasting
 - Level 1.7 Transmutations
 - Level 5.0 Fire Magic
 - Level 7.2 Air Magic
 + Level 9.5 Poison Magic


You had 6 spell levels left.
You knew the following spells:

 Your Spells              Type           Power      Damage    Failure   Level
a - Sting                 Tmut/Pois      100%       1d8       1%          1
b - Poisonous Vapours     Pois/Air       70%        N/A       1%          2
c - Ignite Poison         Fire/Tmut/Pois 24%        N/A       4%          3
d - Mephitic Cloud        Conj/Pois/Air  25%        N/A       3%          3
e - Olgreb's Toxic Radia  Pois           39%        N/A       2%          4
f - Shock                 Conj/Air       72%        1d7       2%          1

Your spell library contained the following spells:

 Spells                   Type           Power      Damage    Failure   Level
 Frozen Ramparts          Ice            10%        1d3       36%         3
 Static Discharge         Conj/Air       18%        N/A       4%          2
 Magic Dart               Conj           20%        1d4       13%         1
 Conjure Flame            Conj/Fire      14%        6-21      13%         3
 Call Imp                 Summ           5%         N/A       19%         2
 Dazzling Flash           Conj/Hex       10%        N/A       36%         3
 Sticky Flame             Conj/Fire      14%        2d4       41%         4
 Silence                  Hex/Air        9%         N/A       61%         5
 Dispel Undead            Necr           5%         3d7       77%         4
 Agony                    Necr           5%         N/A       98%         5


Dungeon Overview and Level Annotations

Branches:
Dungeon (8/15)             Temple (1/1) D:6         Ossuary (visited)
   Lair: D:8-11

Altars:
Ashenzari
Cheibriados
Dithmenos
Elyvilon
Gozag
Hepliaklqana
Kikubaaqudgha
Makhleb
Nemelex Xobeh
Okawaru
Qazlal
Ru
Sif Muna
Trog
Uskayaw
Vehumet
Wu Jian
Xom
Yredelemnul
Zin
The Shining One

Annotations:
D:5 2 transporters, sn0wgr3's ghost, weakling MiFi
D:8 Erica


Innate Abilities, Weirdness & Mutations

You can breathe wild blasts of lightning.
Your glossy black scales are hard. (AC +7)
You cannot fit into any form of body armour.
You are resistant to electric shocks. (rElec)
You are cold-blooded and may be slowed by cold attacks.


Message History

The centaur shouts!
You hear a loud, deep croak!
The orc completely misses you.
You feel sick.
You feel sick.
You feel sick. The floating eye's view fixates on you.
You feel sick.
The floating eye pulsates ominously.
You feel sick.
Casting: Poisonous Vapours (safe; 1% risk of failure)
Confirm with . or Enter, or press ? or * to list all spells.
You begin to radiate toxic energy.
The centaur is poisoned.
The floating eye is poisoned.
Erica is poisoned.
The orc warrior is poisoned.
The orc is poisoned.
The centaur looks even sicker.
Erica looks even sicker.
The orc looks even sicker.
You feel sick.
You are no longer poisoned.
The orc closely misses you.
The floating eye gazes piercingly through you!
You suddenly lose the ability to move!
Erica hits you with a +4 scimitar of flaming!
Erica burns you.
The floating eye looks even sicker.
Erica looks even sicker.
The orc warrior looks even sicker.
You kill the orc!
Vehumet accepts your kill.
You feel your power returning.
Your toxic aura wanes.
The centaur wields a +0 shortbow.
The centaur shoots an arrow.
The arrow hits you.
* * * LOW HITPOINT WARNING * * *
The floating eye's stare focuses on you.
Erica gestures at you while chanting. You resist with almost no effort.
The floating eye gazes piercingly through you!
You shrug off the repeated paralysis!
The orc warrior hits you with a +0 mace!
* * * LOW HITPOINT WARNING * * *
Erica points at you and mumbles some strange words.
The lance of force hits you!!
You die...

######## #############
.......# #............
.......# #..........#
.....))#####..........#
......)).......#.######
...#.###########.#
#....### ######@###
##.....####....@o..##
###............c.G.# #
##..####.......#.# ##
#..## #.........## .#
#...###.....###..# .#
#...##.......##..###
.#####..................
............><...#......


You could see Erica (very poisoned), an orc warrior (very poisoned), a centaur
(very poisoned) and a floating eye (very poisoned).

Vanquished Creatures
  Harold (D:8)
  Pikel (D:5)
  2 steam dragons
  Grum (D:8)
  Menkaure (D:5)
  2 water moccasins
  Duvessa (D:5)
  2 orc warriors
  An ice beast (D:7)
  3 sky beasts
  2 ogres
  2 black bears
  A necrophage (D:6)
  3 wolves (D:8)
  A centaur (D:8)
  An elf zombie (Ossuary)
  A kobold brigand (D:6)
  A bullfrog (D:6)
  A gnoll sergeant (D:6)
  A water moccasin zombie (D:5)
  A wyvern skeleton (D:7)
  2 scorpions
  Dowan (D:5)
  3 killer bees (D:7)
  A water moccasin skeleton (D:5)
  7 wights
  5 howler monkeys (D:7)
  4 centaur zombies
  3 human zombies (Ossuary)
  3 jellies
  A bullfrog skeleton (D:5)
  3 orc priests
  A hound (D:7)
  A gnoll shaman (D:8)
  4 iguanas
  3 orc wizards
  2 mummies (Ossuary)
  2 howler monkey zombies
  6 gnolls
  2 howler monkey skeletons
  9 adders
  4 white imps
  An adder skeleton (D:4)
  An adder zombie (Ossuary)
  A worm (D:2)
  5 dart slugs
  22 orcs
  6 bats
  8 endoplasms
  7 giant cockroaches
  2 hobgoblins
  7 quokkas
  6 ball pythons
  2 frilled lizards
  5 goblins
  A goblin zombie (Ossuary)
  8 hobgoblin zombies (Ossuary)
  A jackal zombie (Ossuary)
  17 kobolds
  7 kobold zombies (Ossuary)
  10 orc zombies (Ossuary)
  6 rats
  A rat zombie (Ossuary)
221 creatures vanquished.

Vanquished Creatures (others)
  15 plants (D:8)
15 creatures vanquished.

Grand Total: 236 creatures vanquished

Notes
Turn   | Place    | Note
-------+----------+-------------------------------------------
     0 | D:1      | Anothat the Draconian Venom Mage began the quest for the
                  | Orb.
     0 | D:1      | Reached XP level 1. HP: 14/14 MP: 3/3
   130 | D:1      | Reached XP level 2. HP: 18/20 MP: 3/5
   698 | D:1      | Found a faded altar of an unknown god.
   785 | D:2      | Learned a level 2 spell: Poisonous Vapours
   825 | D:2      | Reached XP level 3. HP: 26/26 MP: 2/6
  2113 | D:2      | Reached XP level 4. HP: 33/33 MP: 3/7
  2655 | D:3      | Reached skill level 1 in Fighting
  2997 | D:4      | Noticed an ogre
  3004 | D:3      | Learned a level 3 spell: Ignite Poison
  3155 | D:4      | Killed an ogre
  3156 | D:4      | Reached skill level 1 in Fire Magic
  3156 | D:4      | Reached skill level 4 in Poison Magic
  3156 | D:4      | Reached XP level 5. HP: 41/41 MP: 1/9
  3380 | D:4      | Found an iron altar of Okawaru.
  3596 | D:4      | Reached XP level 6. HP: 40/49 MP: 4/11
  3762 | D:4      | Found a shimmering blue altar of Sif Muna.
  3942 | D:4      | Learned a level 3 spell: Mephitic Cloud
  4509 | D:5      | Entered Level 5 of the Dungeon
  4739 | D:5      | Found a transporter.
  4740 | D:5      | Noticed sn0wgr3's ghost (weakling MiFi)
  4820 | D:5      | Your scales start taking on a glossy black colour.
  4820 | D:5      | Reached XP level 7. HP: 53/57 MP: 5/12
  4820 | D:5      | Gained mutation: You are resistant to electric shocks.
                  | (rElec) [Black Draconian growth]
  5003 | D:5      | Found a transporter.
  5130 | D:5      | Reached skill level 1 in Air Magic
  5237 | D:5      | Reached skill level 5 in Poison Magic
  5362 | D:5      | Noticed Pikel
  5382 | D:5      | Killed Pikel
  5383 | D:5      | Reached skill level 5 in Fighting
  5383 | D:5      | Reached skill level 6 in Poison Magic
  5383 | D:5      | Reached XP level 8. HP: 68/68 MP: 2/13
  5858 | D:5      | Noticed Menkaure
  5876 | D:5      | Killed Menkaure
  5877 | D:5      | Reached skill level 5 in Air Magic
  6441 | D:5      | Noticed Duvessa
  6442 | D:5      | Noticed Dowan
  6453 | D:5      | Killed Dowan
  6489 | D:5      | Killed Duvessa
  6721 | D:5      | Identified a scroll of acquirement
  6721 | D:5      | Acquired 919 gold pieces
  7197 | D:6      | Learned a level 4 spell: Olgreb's Toxic Radiance
  7235 | D:6      | Reached skill level 7 in Poison Magic
  7310 | D:6      | Found a staircase to the Ecumenical Temple.
  7355 | Temple   | Entered the Ecumenical Temple
  7463 | Temple   | Became a worshipper of Vehumet
  7509 | D:6      | Reached XP level 9. HP: 67/77 MP: 12/14
  8091 | D:6      | Found a hide-covered altar of Uskayaw.
  8091 | D:6      | Found a glowing golden altar of the Shining One.
  8176 | D:6      | Found a faded altar of an unknown god.
  8191 | D:6      | Found a glowing silver altar of Zin.
  8193 | D:6      | Found a shimmering altar of Xom.
  9296 | D:6      | Reached * piety under Vehumet
  9296 | D:6      | Offered knowledge of Freeze by Vehumet.
  9409 | D:7      | Reached skill level 8 in Poison Magic
  9874 | D:7      | Found a sand-covered staircase.
  9880 | Ossuary  | Entered an ossuary
  9973 | Ossuary  | Offered knowledge of Shock by Vehumet.
  9977 | Ossuary  | Reached ** piety under Vehumet
  9999 | Ossuary  | Learned a level 1 spell: Shock
 10122 | Ossuary  | Reached skill level 5 in Fire Magic
 10453 | D:7      | Reached XP level 10. HP: 88/88 MP: 7/16
 10705 | D:7      | Found a stormy altar of Qazlal.
 10929 | D:8      | Noticed Grum
 10932 | D:8      | Killed Grum
 10949 | D:8      | Offered knowledge of Frozen Ramparts by Vehumet.
 11071 | D:8      | Noticed Harold
 11076 | D:8      | Noticed Erica
 11484 | D:8      | Reached skill level 9 in Poison Magic
 11675 | D:8      | Killed Harold
 11676 | D:8      | Reached skill level 5 in Spellcasting
 11688 | D:8      | Identified the +0 war axe "Yzem" {drain, MP+9 Str+2}
 11808 | D:8      | Paralysed by a floating eye for 3 turns
 11810 | D:8      | Killed from afar by Erica

Illustrated notes

Levels and vault maps discovered:
D:1:      amcnicky_arrival_wind_blow, layout_rooms,
          shapermc_ecumenical_altar_pompeii
D:2:      layout_basic, minmay_quantized
D:3:      layout_rooms, corexii_item_surrounded_by_moat
D:4:      layout_basic, mainiacjoe_overflow_24_doors,
          mainiacjoe_overflow_surrounded_room
D:5:      minmay_angry_zag, layout_basic, gup_sewer_entry_pipe,
          gammafunk_ghost_smash, uniq_menkaure, uniq_pikel, uniq_duvessa
D:6:      layout_gridville, chequers_temple_overflow_minitemple,
          minmay_temple_entry_water_ring
D:7:      layout_basic, mainiacjoe_overflow_alcove_1,
          nicolae_ossuary_entry_monument
D:8:      layout_rooms, fedhas_altar_4, grunt_ministairs_6, st_stairs_7,
          disabler_island, uniq_grum, uniq_harold, uniq_erica
Temple:   eino_temple_water

Skill      XL: |  1  2  3  4  5  6  7  8  9 10 |
---------------+-------------------------------+-----
Stealth        | 2 |  2.3
Dodging        | 2 |  2.2
Fighting       | 2 3 5 6 8 |  8.2
Spellcasting   | 3 4 5 |  5.6
Fire Magic     | 1 2 5 |  5.0
Poison Magic   | 4 6 7 8 9 |  9.5
Air Magic      | 4 6 7 |  7.2
Transmutations | |  1.7

Action                   |  1- 3 |  4- 6 |  7- 9 | 10-12 || total
-------------------------+-------+-------+-------+-------++-------
Melee: Unarmed           |    10 |       |       |       ||    10
       Short sword       |    26 |     2 |       |       ||    28
       Tailslap          |     4 |     5 |    43 |     3 ||    55
       Dagger            |       |    54 |   271 |    32 ||   357
 Cast: Sting             |    68 |    69 |   111 |     6 ||   254
       Poisonous Vapours |     4 |    36 |    61 |    12 ||   113
       Ignite Poison     |       |       |    13 |     5 ||    18
       Shock             |       |       |    42 |    23 ||    65
       Olgreb's Toxic Ra |       |       |     4 |     6 ||    10
       Mephitic Cloud    |       |       |     2 |       ||     2
 Abil: Breathe Lightning |       |       |     6 |       ||     6
Evoke: Wand              |       |       |    10 |       ||    10
  Use: Scroll            |       |     8 |     4 |     1 ||    13
       Potion            |       |     1 |     4 |       ||     5
Armor: Skin              |     9 |    28 |   119 |    20 ||   176
Dodge: Dodged            |    44 |    73 |   349 |    77 ||   543

Table legend: (Time is in decaauts)
 A = Elapsed time spent in this place.
 B = Non-inter-level travel time spent in this place.
 C = Inter-level travel time spent in this place.
 D = Time resting spent in this place.
 E = Time spent auto-exploring this place.
 F = Levels seen in this place.
 G = Mean time per level.
                   A        B        C        D        E       F      G
               +--------+--------+--------+--------+--------+-----+--------+
         Total |  11842 |  11615 |    227 |   3311 |   5053 |  10 | 1184.2 |
       Dungeon |  11178 |  10968 |    210 |   3121 |   5043 |   8 | 1397.2 |
        Temple |    125 |    108 |     17 |      0 |      0 |   1 |  125.0 |
       Ossuary |    538 |    538 |      0 |    190 |     10 |   1 |  538.0 |
               +--------+--------+--------+--------+--------+-----+--------+

Top non-repeatable levels by time:
     D:5: 2832 daAuts
     D:6: 1878 daAuts
     D:4: 1561 daAuts
     D:2: 1519 daAuts
     D:7: 1405 daAuts
     D:3: 774 daAuts
     D:1: 732 daAuts
 Ossuary: 538 daAuts
     D:8: 473 daAuts
  Temple: 125 daAuts
